 Dungeon Crawl Stone Soup version 0.22-a0-407-gb098539 (webtiles) character file.

347 Fang the Chopper (level 6, 0/39 HPs)
             Began as a Gargoyle Berserker on May 1, 2018.
             Was a Believer of Trog.
             Slain by a centaur skeleton (6 damage)
             ... on level 4 of the Dungeon on May 9, 2018.
             The game lasted 00:04:00 (3396 turns).

Fang the Chopper (Gargoyle Berserker)               Turns: 3396, Time: 00:04:01

Health: 0/39       AC:  6    Str: 23    XL:     6   Next: 59%
Magic:  6/6        EV: 15    Int:  7    God:    Trog [**....]
Gold:   207        SH:  0    Dex:  9    Spells: 5/5 levels left

rFire    . . .     SeeInvis .   a - +0 hand axe
rCold    . . .     Gourm    .   (no shield)
rNeg     + . .     Faith    .   b - +0 animal skin
rPois    ∞         Spirit   .   (no helmet)
rElec    +         Reflect  .   (no cloak)
rCorr    .         Harm     .   (no gloves)
MR       .....                  (no boots)
Stlth    +.........             (no amulet)
HPRegen  0.13/turn              g - +3 ring of evasion
MPRegen  0.10/turn              (no ring)

@: berserk cooldown, slowed, very slow
A: negative energy resistance 1, electricity resistance, unbreathing,
petrification resistance, rot immunity, AC +4
a: Berserk, Trog's Hand, Renounce Religion


You were on level 4 of the Dungeon.
You worshipped Trog.
Trog was pleased with you.
You were very hungry.

You visited 1 branch of the dungeon, and saw 4 of its levels.

You collected 207 gold pieces.

Inventory:

Hand Weapons
 a - a +0 hand axe (weapon)
Armour
 b - a +0 animal skin (worn)
Jewellery
 g - a +3 ring of evasion (left hand)
Scrolls
 e - 2 scrolls of remove curse
 j - a scroll of enchant armour {unknown}
 n - a scroll of blinking
 o - a scroll of identify
Potions
 d - a potion of flight
 f - a potion of degeneration {unknown}
 h - a potion of invisibility
 i - a potion of cancellation {unknown}
 k - a potion of lignification {unknown}
 l - a potion of ambrosia {unknown}
 m - a potion of curing {unknown}
Comestibles
 c - 3 rations


   Skills:
 + Level 4.5 Fighting
 + Level 5.1 Axes
 + Level 2.4 Armour
 + Level 2.8 Dodging
 + Level 1.4 Stealth


You had 5 spell levels left.
You didn't know any spells.

Dungeon Overview and Level Annotations

Branches:
Dungeon (4/15)
 Temple: D:4-7

Altars:
Ashenzari

Annotations:
D:4 Grinder


Innate Abilities, Weirdness & Mutations

You are resistant to torment.
Your stone body is resilient. (AC +4)
You are immune to poison.
You resist negative energy. (rN+)
You are resistant to electric shocks. (rElec)
You can survive without breathing.
You are immune to petrification.
You are immune to rotting.


Message History

The centaur skeleton hits you.
* * * LOW HITPOINT WARNING * * *
Grinder blinks!
The centaur skeleton hits you but does no damage.
Grinder gestures at you. Pain shoots through your body!
* * * LOW HITPOINT WARNING * * *
The centaur skeleton barely misses you. The centaur skeleton barely misses you.
Grinder gestures at you.
You barely resist. The centaur skeleton hits you.
* * * LOW HITPOINT WARNING * * *
The centaur skeleton hits you.
* * * LOW HITPOINT WARNING * * *
Grinder misses you.
The centaur skeleton hits you but does no damage.
Grinder gestures at you. You resist with significant effort.
Grinder blinks!
The centaur skeleton hits you.
You die...

#.# ####.##
###.....#
#.......##
#........#
#......#.#
#....§.#..#
#.....Z##.#
#..5..@# ..
#......+
...
#......#
#...
#......#
####.### #.
#. #.


You could see Grinder and a centaur skeleton.

Vanquished Creatures
  Duvessa (D:4)
  Dowan (D:4)
  Natasha (twice) (D:3)
  A worker ant (D:4)
  3 adders
  A gnoll (D:1)
  An ooze (D:1)
  2 worms
  3 dart slugs
  A leopard gecko (D:4)
  9 bats
  3 giant cockroaches (D:3)
  9 goblins
  9 hobgoblins
  4 jackals (D:4)
  A quokka (D:2)
  4 frilled lizards
  6 kobolds
  3 rats
64 creatures vanquished.

Notes
Turn   | Place    | Note
-------+----------+-------------------------------------------
     0 | D:1      | Fang the Gargoyle Berserker began the quest for the Orb.
     0 | D:1      | Reached XP level 1. HP: 14/14 MP: 1/1
     0 | D:1      | Upgraded the game from 0.22-a0-392-g5dc3fd9 to 0.22-a0-407-gb098539
    49 | D:1      | Reached XP level 2. HP: 19/19 MP: 2/2
    71 | D:1      | Reached skill level 3 in Axes
   478 | D:1      | Reached XP level 3. HP: 24/24 MP: 3/3
  1283 | D:2      | Found a shattered altar of Ashenzari.
  1293 | D:2      | Reached ** piety under Trog
  1464 | D:2      | Reached XP level 4. HP: 29/29 MP: 4/4
  1950 | D:3      | Noticed Natasha
  1963 | D:3      | Killed Natasha
  2612 | D:3      | Noticed Natasha
  2620 | D:3      | Killed Natasha
  2620 | D:3      | Reached skill level 4 in Axes
  2620 | D:3      | Reached XP level 5. HP: 26/33 MP: 5/5
  2922 | D:4      | Noticed Dowan
  2927 | D:4      | Noticed Duvessa
  3133 | D:4      | Killed Duvessa
  3133 | D:4      | Reached skill level 1 in Stealth
  3133 | D:4      | Reached XP level 6. HP: 31/39 MP: 6/6
  3138 | D:4      | Killed Dowan
  3339 | D:4      | Reached skill level 5 in Axes
  3369 | D:4      | Noticed Grinder
  3385 | D:4      | Paralysed by Grinder for 4 turns
  3396 | D:4      | Slain by a centaur skeleton

Vault maps used:
D:1:      erik_arrival_cave_to_civilisation, minmay_tripent
D:2:      evilmike_ruin_ashenzari
D:3:      uniq_natasha
D:4:      lemuel_coloured_pillars_altar, minmay_temple_entry_hall, first_ration,
          uniq_grinder, uniq_duvessa

Skill      XL: |  1  2  3  4  5  6 |
---------------+-------------------+-----
Axes           | 3 4 5 |  5.1
Dodging        | 2 |  2.8
Fighting       | 4 |  4.5
Stealth        | 1 |  1.4
Armour         | |  2.4

Action                   |  1- 3 |  4- 6 || total
-------------------------+-------+-------++-------
Melee: Hand axe          |    93 |   123 ||   216
Invok: Berserk           |     2 |     5 ||     7
  Use: Scroll            |     4 |     3 ||     7
 Stab: Sleeping          |     1 |       ||     1
  Eat: Chunk             |     3 |     7 ||    10
       Ration            |       |     1 ||     1
Armor: Animal skin       |    32 |    39 ||    71
Dodge: Dodged            |    80 |    91 ||   171

Table legend:
 A = Spawn XP
 B = Non-spawn XP
 C = Spawn XP percentage of total XP
 D = Spawn monster count
 E = Non-spawn monster count
 F = Spawn count percentage of total count
 G = Total turns spent on level
                    A         B        C        D         E        F      G
               +---------+---------+-------+---------+---------+-------+---------
         Total |       0 |     497 |   0.0 |       0 |      64 |   0.0 |  3396
               +---------+---------+-------+---------+---------+-------+---------
           D:1 |       0 |      49 |   0.0 |       0 |      15 |   0.0 |  1099
           D:2 |       0 |      49 |   0.0 |       0 |      21 |   0.0 |   719
           D:3 |       0 |     131 |   0.0 |       0 |      20 |   0.0 |  1295
           D:4 |       0 |     268 |   0.0 |       0 |       8 |   0.0 |   283
               +---------+---------+-------+---------+---------+-------+---------
